 Dungeon Crawl Stone Soup version 0.31-a0-263-ge8cad7f256 (webtiles) character file.

Game seed: 13648762525013314221

40 qw the Shooter (level 3, 0/21 HPs)
             Began as a Gargoyle Hexslinger on July 13, 2023.
             Slain by Terence
             ... wielding a +2 flail of protection
              (2 damage)
             ... on level 2 of the Dungeon.
             The game lasted 00:00:23 (682 turns).

qw the Shooter (Gargoyle Hexslinger)                 Turns: 682, Time: 00:00:24

Health: 0/21       AC:  6    Str: 11    XL:     3   Next: 50%
Magic:  4/4        EV: 11    Int: 13    God:
Gold:   39         SH:  0    Dex: 14    Spells: 3/4 levels left

rFire   . . .        Y - +1 sling
rCold   . . .        (no shield)
rNeg    + . .        i - +0 leather armour
rPois   inf          (no helmet)
rElec   +            (no cloak)
rCorr   .            (no gloves)
SInv    .            (no boots)
Will    .....        (no amulet)
Stlth   +            (no ring)
HPRegen 0.23/turn    (no ring)
MPRegen 0.09/turn

%: no passive effects
@: no status effects
A: sickness immunity, AC +3, negative energy resistance 1, electricity
resistance, torment resistance 1, petrification resistance
a: no special abilities


You were on level 2 of the Dungeon.
You visited 1 branch of the dungeon, and saw 2 of its levels.

You collected 39 gold pieces.


Innate Abilities, Weirdness & Mutations

You are immune to sickness and miasma.
Your stone body is resilient. (AC +3)
You are immune to poison.
You resist negative energy. (rN+)
You are resistant to electric shocks. (rElec)
You are resistant to unholy torment.
You are immune to petrification.


   Skills:
 - Level 2.0 Fighting
 + Level 3.4 Ranged Weapons
 - Level 1.5 Dodging
 - Level 1.0 Spellcasting
 - Level 2.6 Hexes


You had 3 spell levels left.
You knew the following spells:

 Your Spells              Type           Power      Damage    Failure   Level
a - Slow                  Hex            28%        N/A       12%         1

Your spell library contained the following spells:

 Spells                   Type           Power      Damage    Failure   Level
 Inner Flame              Hex/Fire       4%         N/A       54%         3
 Portal Projectile        Hex/Tloc       8%         N/A       54%         3
 Cause Fear               Hex            3%         N/A       77%         4

Inventory:

Hand Weapons
 Y - a +1 sling (weapon)
Armour
 i - a +0 leather armour (worn)
Jewellery
 a - an amulet of regeneration
Scrolls
 h - a scroll of identify
Potions
 d - a potion of attraction {unknown}
 f - a potion of lignification {unknown}
 g - a potion of curing

Dungeon Overview and Level Annotations

Branches:
Dungeon (2/15)

Altars:

Annotations:
D:2 1 runed translucent door, Crazy Yiuf, Terence


Message History

There is a stone staircase leading up here.
Terence the Incautious comes into view.
He is wielding a +2 flail of protection.
You shoot a sling bullet.
The sling bullet hits Terence but does no damage.
Terence shouts!
You shoot a sling bullet.
The sling bullet hits Terence but does no damage.
You shoot a sling bullet.
The sling bullet hits Terence but does no damage.
You shoot a sling bullet.
The sling bullet completely misses Terence.
Terence hits you but does no damage.
You shoot a sling bullet.
The sling bullet hits Terence but does no damage.
Terence says, "Rest in peace."
Terence closely misses you.
You shoot a sling bullet.
The sling bullet closely misses Terence.
Terence hits you with a +2 flail of protection. x2
You shoot a sling bullet. The sling bullet hits Terence.
Terence is lightly wounded.
Terence hits you with a +2 flail of protection.
You shoot a sling bullet. The sling bullet barely misses Terence.
Terence hits you but does no damage.
You shoot a sling bullet.
The sling bullet closely misses Terence.
Terence barely misses you.
Terence hits you with a +2 flail of protection.
You shoot a sling bullet.
The sling bullet hits Terence but does no damage.
Terence is lightly wounded.
Terence hits you but does no damage.
You shoot a sling bullet.
The sling bullet hits Terence but does no damage.
Terence is lightly wounded.
Terence hits you with a +2 flail of protection.
You shoot a sling bullet. The sling bullet hits Terence.
Terence is moderately wounded.
Terence hits you with a +2 flail of protection.
You die... ###.## 7....7 ##|.?.# 7)..77 ##.<...# 77)77 #......# 7)77 #......# 77)7 #......# 7)77 #......# 77)7

#......#
#+#
#@.....#
)))
#@......#
#)))#
...##....#
#).)#
...##
#...#
##### #..#
.### ##.
.# #


You could see Terence.

Vanquished Creatures
  A gnoll (D:1)
  A dart slug (D:1)
  4 endoplasms (D:1)
  4 goblins (D:1)
  3 hobgoblins (D:1)
  2 jackals (D:1)
  3 ball pythons
  4 bats (D:1)
  A frilled lizard (D:1)
  2 kobolds (D:1)
  A rat (D:1)
26 creatures vanquished.

Notes
Turn   | Place    | Note
-------+----------+-------------------------------------------
     0 | D:1      | qw the Gargoyle Hexslinger began the quest for the Orb.
     0 | D:1      | Reached XP level 1. HP: 12/12 MP: 2/2
     0 | D:1      | 0 ||| qw: Version: 0.3-a-52-g30416fa
     0 | D:1      | 0 ||| qw: Game counter: 7384
     0 | D:1      | 0 ||| qw: Melee chars always use a shield: true
     0 | D:1      | 0 ||| qw: God list: Okawaru
     0 | D:1      | 0 ||| qw: Allow faded altars: false
     0 | D:1      | 0 ||| qw: Do Orc after clearing Dungeon:15 true
     0 | D:1      | 0 ||| qw: Do second Lair branch before Depths: true
     0 | D:1      | 0 ||| qw: Lair rune preference: random
     0 | D:1      | 0 ||| qw: Goals: Normal
     0 | D:1      | 0 ||| PLANNING D:1-11
    63 | D:1      | Reached XP level 2. HP: 9/16 MP: 3/3
   111 | D:1      | Reached skill level 3 in Ranged Weapons
   323 | D:1      | Reached XP level 3. HP: 21/21 MP: 4/4
   597 | D:1      | 597 ||| UPGRADING to +0 leather armour.
   607 | D:1      | 607 ||| DROPPING +0 robe.
   608 | D:1      | 608 ||| READING scroll labelled SARRIOSUUSK.
   611 | D:1      | 611 ||| READING 2 scrolls labelled JENEKA ACZUOT.
   612 | D:1      | 612 ||| DRINKING 2 lumpy grey potions.
   613 | D:1      | 613 ||| DROPPING scroll of poison.
   644 | D:2      | Found a runed translucent door.
   645 | D:2      | Noticed Crazy Yiuf
   670 | D:2      | Noticed Terence
   677 | D:2      | HP: 5/21 [Terence/+2 flail of protection (5)]
   681 | D:2      | HP: 2/21 [Terence/+2 flail of protection (4)]
   682 | D:2      | Slain by Terence

Levels and vault maps discovered:
D:1:      minmay_arrival_wavy_path, layout_basic
D:2:      minmay_alternating_diamond, layout_rooms, basic_altar,
          hellmonk_ecumenical_altar_lost_god, uniq_sigmund, uniq_terence,
          uniq_crazy_yiuf_cottage

Skill      XL: |  1  2 |
---------------+-------+-----
Ranged Weapons | 3 |  3.4
Fighting       | 2 |  2.0
Dodging        | |  1.5
Spellcasting   | |  1.0
Hexes          | |  2.6

Action                     || total
---------------------------++-------
   Fire: Sling             ||   102
    Use: Scroll            ||     2
         Potion            ||     1
 Armour: Robe              ||    20
         Leather armour    ||     3
  Dodge: Dodged            ||    39

Table legend:
 A = Non-vault XP
 B = Vault XP
 C = Vault XP percentage of total XP
 D = Non-vault monster count
 E = Vault monster count
 F = Vault count percentage of total count
                 A         B        C        D         E       F
            +---------+---------+-------+---------+---------+-------
      Total |      58 |       0 |   0.0 |      26 |       0 |   0.0
            +---------+---------+-------+---------+---------+-------
        D:1 |      56 |       0 |   0.0 |      25 |       0 |   0.0
        D:2 |       2 |       0 |   0.0 |       1 |       0 |   0.0
            +---------+---------+-------+---------+---------+-------
